 Dungeon Crawl Stone Soup version 0.22-a0-159-g7ce444f (webtiles) character file.

3833 mhoghedin the Covert (level 9, -3/39 HPs)
             Began as a Spriggan Conjurer on Feb 9, 2018.
             Was a Priest of Vehumet.
             Slain by a death yak (6 damage)
             ... on level 8 of the Dungeon.
             The game lasted 00:28:57 (10546 turns).

mhoghedin the Covert (Spriggan Conjurer)           Turns: 10546, Time: 00:28:58

Health: -3/39      AC:  3    Str:  4    XL:     9   Next: 98%
Magic:  21/21      EV: 22    Int: 19    God:    Vehumet [***...]
Gold:   291        SH:  0    Dex: 17    Spells: 2/23 levels left

rFire    . . .     SeeInvis +   r - +4 short sword (venom)
rCold    . . .     Gourm    .   (shield restricted)
rNeg     . . .     Faith    .   a - +1 robe
rPois    .         Spirit   .   (helmet restricted)
rElec    .         Reflect  .   (no cloak)
rCorr    .         Harm     .   (gloves unavailable)
MR       +....                  (boots unavailable)
Stlth    ++++......             (no amulet)
HPRegen  0.13/turn              (no ring)
MPRegen  0.17/turn              (no ring)

@: drained, very quick
A: very small, unfitting armour, see invisible, herbivore, speed 3, slow
metabolism 2
a: Renounce Religion


You were on level 8 of the Dungeon.
You worshipped Vehumet.
Vehumet was most pleased with you.
You were not hungry.

You visited 2 branches of the dungeon, and saw 10 of its levels.
You also visited: Bailey.

You collected 291 gold pieces.

Inventory:

Hand Weapons
 k - a cursed +0 hunting sling
   (You took it off a goblin on level 2 of the Dungeon)
 r - a +4 short sword of venom (weapon)
   (You found it on level 5 of the Dungeon)
 t - a +2 whip of pain
   (You took it off an orc on level 7 of the Dungeon)
Missiles
 j - 7 curare-tipped needles
Armour
 a - a +1 robe (worn)
Jewellery
 u - a +6 amulet of reflection {unknown}
   (You found it on level 7 of the Dungeon)
Wands
 l - a wand of disintegration (15)
   (You found it on level 3 of the Dungeon)
Scrolls
 d - 5 scrolls of remove curse
 f - 3 scrolls of enchant weapon
 h - a scroll of immolation {!r}
 n - 3 scrolls of fog
 o - 2 scrolls of fear
Potions
 g - 3 potions of flight {unknown}
 i - a potion of lignification {unknown}
 m - a potion of might
 p - 2 potions of magic
 q - a potion of brilliance {unknown}
Books
 b - a book of Conjurations
 s - a book of Clouds
   (You found it on level 8 of the Dungeon)
Comestibles
 c - 10 rations


   Skills:
 - Level 4.6(4.3) Short Blades
 + Level 7.3(7.0) Dodging
 + Level 9.3(9.0) Stealth
 + Level 7.6(7.3) Spellcasting
 + Level 5.6(5.2) Conjurations
 + Level 7.1(6.8) Hexes
 - Level 6.2(5.9) Translocations


You had 2 spell levels left.
You knew the following spells:

 Your Spells              Type           Power        Failure   Level  Hunger
a - Magic Dart            Conj           ####         1%          1    None
b - Searing Ray           Conj           ####..       1%          2    None
c - Dazzling Spray        Conj/Hex       ####..       1%          3    #......
d - Fulminant Prism       Conj/Hex       ####......   2%          4    ###....
e - Force Lance           Conj/Tloc      ####....     2%          4    ###....
f - Stone Arrow           Conj/Erth      ###...       2%          3    #......
x - Iskenderun's Mystic   Conj           ####....     3%          4    ###....


Dungeon Overview and Level Annotations

Branches:
Dungeon (9/15)             Temple (1/1) D:4
   Lair: D:8-11         Orc: D:9-12

Altars:
Ashenzari
Cheibriados
Dithmenos
Elyvilon
Fedhas
Gozag
Hepliaklqana
Kikubaaqudgha
Makhleb
Nemelex Xobeh
Okawaru
Qazlal
Ru
Sif Muna
Trog
Uskayaw
Vehumet
Wu Jian
Xom
Yredelemnul
Zin
The Shining One

Annotations:
D:2 exclusion: jelly
D:9 Karim's ghost, novice GnAE


Innate Abilities, Weirdness & Mutations

You are very small and have problems with some larger weapons.
You are too small for most types of armour.
You have supernaturally acute eyesight. (SInv)
You are a herbivore.
You cover ground extremely quickly.
You need consume almost no food.


Message History

Unknown command.
There is a stone staircase leading up here.
The yak is too close now for your liking.
You regained 2 hp, and now have 38/39 hp.
A death yak comes into view.
The yak bellows!
The worker ant twitches its antennae in your direction.
Health restored: 39 You see here a scale mail.
There is a stone staircase leading up here.
A bullfrog comes into view.
The bullfrog hits you.
You take 1 damage, and have 38/39 hp.
You barely miss the bullfrog. The bullfrog completely misses you.
You barely miss the bullfrog. The bullfrog misses you.
You barely miss the bullfrog. The bullfrog hits you. x2
You take 5 damage, and have 33/39 hp.
You completely miss the bullfrog. The bullfrog misses you.
You closely miss the bullfrog. The bullfrog completely misses you.
You puncture the bullfrog!
The bullfrog is poisoned.
The bullfrog completely misses you. The bullfrog closely misses you.
You hit the bullfrog.
The bullfrog looks as sick as possible!
The bullfrog closely misses you.
You closely miss the bullfrog. The bullfrog misses you.
You hit the bullfrog.
The bullfrog looks as sick as possible!
The bullfrog misses you.
You puncture the bullfrog!
You kill the bullfrog!
Vehumet accepts your kill.
No target in view!
No target in view!
No target in view!
No target in view!
No target in view!
No target in view!
Found a stone staircase leading down.
A centaur comes into view. 2 death yaks come into view.
The death yak moves out of view.
A centaur zombie comes into view.
The death yak bellows!
You hear a bellow!
The centaur wields a shortbow.
The centaur shoots an arrow.
The arrow barely misses you.
A yak comes into view.
The centaur shoots an arrow.
The arrow hits you!
You see here an arrow.
You take 13 damage, and have 22/39 hp.
MASSIVE DAMAGE!!
Unknown command.
The centaur shoots an arrow.
The arrow barely misses you.
Aim: a centaur, wielding a shortbow The spray of energy hits the centaur.
The centaur is dazzled.
The centaur shoots an arrow.
The arrow barely misses you.
You now have 18/21 mp.
You see here 3 arrows.
You conjure a prism of explosive energy!
The centaur is no longer blind.
The centaur shoots an arrow.
The arrow hits you!
You take 11 damage, and have 12/39 hp.
MASSIVE DAMAGE!!
You now have 14/21 mp.
The centaur shoots an arrow.
The arrow hits you!
* * * LOW HITPOINT WARNING * * *
You see here an arrow.
You take 10 damage, and have 2/39 hp.
MASSIVE DAMAGE!!
Your fulminant prism crackles loudly.
You hear a bellow!
You hear an angry hiss.
You hear two shouts!
There is a stone staircase leading down here.
You climb downwards.
A jelly comes into view.
There is a stone staircase leading up here.
The helpless jelly fails to defend itself.
You impale the jelly!!
You kill the jelly!
Vehumet accepts your kill.
You start resting.
A wight comes into view.
It is wielding an enchanted short sword.
You regained 6 hp, and now have 9/39 hp.
MP restored: 21 You are too injured to fight recklessly!
You see here a pair of boots.
You start resting.
You see here a pair of boots.
You start resting.
Something unseen opens the door.
Found 16 stones.
Found a stone staircase leading up.
A wight comes into view. It is wielding a flail.
The wight moves out of view.
Karim's ghost (novice Gnoll Air Elementalist) comes into view.
It is wielding a weapon of draining.
The wight hits you with a flail!
* * * LOW HITPOINT WARNING * * *
You feel drained.
* * * LOW HITPOINT WARNING * * *
You take 9 damage, and have 3/39 hp.
MASSIVE DAMAGE!!
The wight completely misses you.
There is a stone staircase leading up here.
You climb upwards.
The death yak gores you.
You die...

#.#..........
..Y.......... ... .. ..
.# ...Y .....# .# ....
........###.# .....
.......##zY# .!...
...Y... #@#######
...... .Y..# ##.......#
......##..# #........#
.......#Y#####(.......#
.......(Z.Y(..........#
.........c###.#.......#
......#######.#.......#
#..... #..#########
..... #.##


You could see a death yak and a wight.

Vanquished Creatures
  A human (D:7)
  4 hogs (D:7)
  A water moccasin (D:7)
  2 sky beasts
  2 ice beasts
  3 ogres (D:7)
  A phantom (D:4)
  3 centaurs
  A big kobold (D:7)
  3 bullfrogs
  5 scorpions
  3 killer bees (D:7)
  5 wights
  4 howler monkeys (D:7)
  5 crimson imps
  A centaur zombie (D:5)
  3 hounds
  3 orc priests
  A bullfrog skeleton (D:4)
  2 jellies
  A centaur skeleton (D:4)
  An iguana (D:6)
  4 orc wizards
  5 worker ants
  2 hound skeletons (D:6)
  A worker ant zombie (D:6)
  8 river rats (D:6)
  11 adders
  3 shadow imps
  4 dart slugs
  2 worms
  4 leopard geckos
  16 orcs
  4 giant cockroaches
  12 goblins
  5 hobgoblins (D:3)
  9 jackals
  4 quokkas
  2 ball pythons (D:2)
  4 bats
  4 frilled lizards
  A jackal skeleton (D:5)
  7 kobolds
  A quokka zombie (D:7)
  16 rats
184 creatures vanquished.

Vanquished Creatures (others)
  7 fulminant prisms
7 creatures vanquished.

Grand Total: 191 creatures vanquished

Notes
Turn   | Place    | Note
-------+----------+-------------------------------------------
     0 | D:1      | mhoghedin the Spriggan Conjurer began the quest for the Orb.
     0 | D:1      | Reached XP level 1. HP: 9/9 MP: 5/5
   324 | D:1      | Reached skill level 3 in Conjurations
   418 | D:2      | Noticed a jelly
   493 | D:2      | Reached skill level 3 in Spellcasting
   544 | D:2      | Reached XP level 2. HP: 13/13 MP: 0/7
   550 | D:2      | Learned a level 2 spell: Searing Ray
   733 | D:2      | Reached XP level 3. HP: 16/16 MP: 3/9
  1275 | D:2      | Found a sparkling altar of Nemelex Xobeh.
  1302 | D:2      | Learned a level 3 spell: Dazzling Spray
  1420 | D:3      | Reached skill level 4 in Spellcasting
  1592 | D:3      | Reached skill level 1 in Hexes
  1769 | D:3      | Reached XP level 4. HP: 21/21 MP: 6/11
  1905 | D:3      | Learned a level 4 spell: Iskenderun's Mystic Blast
  2568 | D:3      | Noticed a bullfrog
  2573 | D:3      | Killed a bullfrog
  2573 | D:3      | Reached skill level 2 in Hexes
  2573 | D:3      | Reached XP level 5. HP: 21/24 MP: 5/13
  3255 | D:4      | Reached skill level 5 in Spellcasting
  3255 | D:4      | Reached skill level 3 in Hexes
  3417 | D:4      | Found a staircase to the Ecumenical Temple.
  3424 | Temple   | Entered the Ecumenical Temple
  3696 | Temple   | Became a worshipper of Vehumet
  3719 | D:4      | Reached skill level 4 in Conjurations
  3981 | D:4      | Reached XP level 6. HP: 28/28 MP: 10/14
  3993 | D:4      | Learned a level 4 spell: Fulminant Prism
  4304 | D:4      | Found a blossoming altar of Fedhas.
  4532 | D:4      | Reached skill level 4 in Hexes
  4725 | D:4      | Reached skill level 6 in Spellcasting
  4725 | D:4      | Reached XP level 7. HP: 30/32 MP: 2/17
  4731 | D:4      | Learned a level 4 spell: Force Lance
  5108 | D:5      | Entered Level 5 of the Dungeon
  5228 | D:5      | Reached skill level 1 in Translocations
  5230 | D:5      | HP: 4/32 [centaur/arrow (15)]
  5643 | D:5      | Reached skill level 5 in Hexes
  5643 | D:5      | Reached skill level 2 in Translocations
  6019 | D:5      | Reached skill level 1 in Short Blades
  6055 | D:5      | Reached skill level 2 in Short Blades
  6055 | D:5      | Reached skill level 4 in Stealth
  6328 | D:5      | Reached skill level 5 in Stealth
  6649 | D:6      | Reached * piety under Vehumet
  6649 | D:6      | Offered knowledge of Sting by Vehumet.
  6649 | D:6      | Reached XP level 8. HP: 27/36 MP: 13/18
  6659 | D:6      | Reached skill level 3 in Short Blades
  6803 | D:6      | Reached skill level 6 in Stealth
  6870 | D:6      | Reached skill level 4 in Dodging
  7064 | D:6      | Reached skill level 4 in Short Blades
  7260 | D:6      | Reached skill level 7 in Stealth
  7275 | D:6      | Reached ** piety under Vehumet
  7279 | D:6      | Offered knowledge of Flame Tongue by Vehumet.
  7488 | D:6      | Found a stormy altar of Qazlal.
  7609 | D:7      | Reached skill level 5 in Dodging
  7644 | D:7      | Found a flagged portal.
  7686 | Bailey   | Entered a bailey
  7697 | Bailey   | HP: 4/36 [centaur/javelin of returning (14)]
  7956 | D:7      | Reached skill level 3 in Translocations
  7971 | D:7      | HP: 7/36 [ice beast (6)]
  8262 | D:7      | Reached skill level 4 in Translocations
  8481 | D:7      | Reached XP level 9. HP: 38/39 MP: 19/19
  8522 | D:7      | Reached skill level 6 in Hexes
  8605 | D:7      | Reached skill level 5 in Conjurations
  8623 | D:7      | Offered knowledge of Stone Arrow by Vehumet.
  8674 | D:7      | Reached skill level 8 in Stealth
  8739 | D:7      | Found a glowing golden altar of the Shining One.
  9084 | D:7      | Reached skill level 6 in Dodging
  9299 | D:7      | Reached skill level 5 in Translocations
  9308 | D:7      | Reached *** piety under Vehumet
  9308 | D:7      | Reached skill level 7 in Spellcasting
  9620 | D:7      | Reached skill level 9 in Stealth
  9744 | D:8      | Noticed a two-headed ogre
  9750 | D:8      | Reached skill level 7 in Dodging
  9917 | D:7      | Reached skill level 6 in Translocations
  9925 | D:7      | Learned a level 3 spell: Stone Arrow
  9939 | D:8      | Reached skill level 7 in Hexes
 10192 | D:8      | Offered knowledge of Inner Flame by Vehumet.
 10382 | D:8      | Noticed a death yak
 10447 | D:8      | Noticed a death yak
 10447 | D:8      | Noticed a death yak
 10458 | D:8      | HP: 2/39 [centaur/arrow (10)]
 10537 | D:9      | Noticed Karim's ghost (novice GnAE)
 10542 | D:9      | HP: 5/39 [wight/flail (7)]
 10546 | D:8      | Slain by a death yak

Vault maps used:
D:1:      lightli_arrival_statuegarden
D:2:      nemelex_xobeh_ov_fountains_minmay, due_unseen_surprise
D:4:      kennysheep_little_box, minmay_temple_entry_hall
D:5:      first_ration
D:6:      lemuel_round_altar, dk_rats_in_the_wall
D:7:      tso_metal_star, enter_bailey_3, kennysheep_crisscross, grunt_livestock
D:8:      dpeg_lair_monsters
D:9:      serial_corexii_hall, corexii_hall_statues_x,
          corexii_hall_statues_deadend, uniq_erolcha
Temple:   eino_narrow_crystal_temple
Bailey:   bailey_polearm_flooded_kennysheep, bailey

Skill      XL: |  1  2  3  4  5  6  7  8  9 |
---------------+----------------------------+-----
Conjurations   | 3 4 5 |  5.6
Spellcasting   | 3 4 5 6 7 |  7.6
Hexes          | 1 2 3 4 5 7 |  7.1
Translocations | 2 4 6 |  6.2
Short Blades   | 2 4 |  4.6
Stealth        | 5 7 9 |  9.3
Dodging        | 5 7 |  7.3

Action                   |  1- 3 |  4- 6 |  7- 9 || total
-------------------------+-------+-------+-------++-------
Melee: Unarmed           |     5 |       |       ||     5
       Dagger            |    11 |    14 |    48 ||    73
       Short sword       |       |       |   225 ||   225
 Cast: Magic Dart        |    56 |    56 |    38 ||   150
       Searing Ray       |     9 |    21 |    23 ||    53
       Dazzling Spray    |       |     4 |    20 ||    24
       Fulminant Prism   |       |     2 |     5 ||     7
Evoke: Wand              |       |       |     2 ||     2
  Use: Scroll            |       |     7 |     7 ||    14
       Potion            |       |       |     3 ||     3
 Stab: Sleeping          |       |       |    21 ||    21
       Invisible         |       |       |     5 ||     5
       Distracted        |       |       |     1 ||     1
  Eat: Ration            |       |     1 |     4 ||     5
Armor: Robe              |     6 |     6 |    17 ||    29
Dodge: Dodged            |    24 |    62 |   269 ||   355

Table legend:
 A = Spawn XP
 B = Non-spawn XP
 C = Spawn XP percentage of total XP
 D = Spawn monster count
 E = Non-spawn monster count
 F = Spawn count percentage of total count
 G = Total turns spent on level
                    A         B        C        D         E        F      G
               +---------+---------+-------+---------+---------+-------+---------
         Total |       0 |    5476 |   0.0 |       0 |     184 |   0.0 | 10546
               +---------+---------+-------+---------+---------+-------+---------
           D:1 |       0 |       7 |   0.0 |       0 |       3 |   0.0 |   322
           D:2 |       0 |      53 |   0.0 |       0 |      16 |   0.0 |  1015
           D:3 |       0 |     163 |   0.0 |       0 |      29 |   0.0 |  1491
           D:4 |       0 |     577 |   0.0 |       0 |      19 |   0.0 |  2681
           D:5 |       0 |     565 |   0.0 |       0 |      15 |   0.0 |   783
           D:6 |       0 |     737 |   0.0 |       0 |      45 |   0.0 |  1026
           D:7 |       0 |    2884 |   0.0 |       0 |      44 |   0.0 |  2575
           D:8 |       0 |     448 |   0.0 |       0 |      12 |   0.0 |   277
           D:9 |       0 |      42 |   0.0 |       0 |       1 |   0.0 |    83
               +---------+---------+-------+---------+---------+-------+---------

Vault maps used:
D:1:      lightli_arrival_statuegarden
D:2:      nemelex_xobeh_ov_fountains_minmay, due_unseen_surprise
D:4:      kennysheep_little_box, minmay_temple_entry_hall
D:5:      first_ration
D:6:      lemuel_round_altar, dk_rats_in_the_wall
D:7:      tso_metal_star, enter_bailey_3, kennysheep_crisscross, grunt_livestock
D:8:      dpeg_lair_monsters
D:9:      serial_corexii_hall, corexii_hall_statues_x,
          corexii_hall_statues_deadend, uniq_erolcha
Temple:   eino_narrow_crystal_temple
Bailey:   bailey_polearm_flooded_kennysheep, bailey

Table legend:
 A = Turns spent in this place as a percentage of turns spent in the entire game.
 B = Non-inter-level travel turns spent in this place as a percentage of non-inter-level travel turns spent in the entire game.
 C = Inter-level travel turns spent in this place as a percentage of turns spent in this place.
 D = Turns resting spent in this place as a percentage of non-inter-level travel turns spent in this place.
 E = Turns spent auto-exploring this place as a percentage of non-inter-level travel turns spent in this place.
 F = Non-inter-level travel turns spent in this place divided by the number of levels of this place that you've seen.
                   A       B       C       D       E      F
               +-------+-------+-------+-------+-------+----------------------
         Total | 100.0 | 100.0 |   3.6 |  46.1 |  34.0 | 924.1
       Dungeon |  97.2 |  97.2 |   3.6 |  47.5 |  32.8 | 1097.8
        Temple |   2.7 |   2.7 |   2.8 |   0.0 |  81.0 | 273.0
        Bailey |   0.1 |   0.1 |   0.0 |   0.0 |   0.0 |  12.0
               +-------+-------+-------+-------+-------+----------------------

Table legend:
 A = Kills in this place as a percentage of kills in entire the game.
 B = Kills by you in this place as a percentage of kills by you in the entire game.
 C = Kills by friends in this place as a percentage of kills by friends in the entire game.
 D = Other kills in this place as a percentage of other kills in the entire game.
 E = Experience gained in this place as a percentage of experience gained in the entire game.
 F = Experience gained in this place divided by the number of levels of this place that you have seen.
                   A       B       C       D       E      F
               +-------+-------+-------+-------+-------+----------------------
         Total | 100.0 | 100.0 |   N/A |   N/A | 100.0 | 497.8
       Dungeon | 100.0 | 100.0 |   N/A |   N/A | 100.0 | 608.4
               +-------+-------+-------+-------+-------+----------------------
